 Dungeon Crawl Stone Soup version 0.27-a0-1196-g3e9cee4cb2 (webtiles) character file.

Game seed: 17938869583464767169

65 bande the Skirmisher (level 4, -1/29 HPs)
             Began as a Gargoyle Fighter on May 30, 2021.
             Slain by Sigmund
             ... wielding a +0 scythe
              (2 damage)
             ... on level 2 of the Dungeon.
             The game lasted 00:03:37 (1556 turns).

bande the Skirmisher (Gargoyle Fighter)             Turns: 1556, Time: 00:03:38

Health: -1/29      AC: 13    Str: 19    XL:     4   Next: 13%
Magic:  4/4        EV:  7    Int:  9    God:
Gold:   25         SH:  9    Dex: 10    Spells: 3/3 levels left

rFire    . . .     SeeInvis .   a - +1 war axe
rCold    . . .     Faith    .   c - +0 kite shield
rNeg     + . .     Spirit   .   b - +0 scale mail
rPois    ∞         Reflect  .   f - +2 helmet
rElec    +         Harm     .   (no cloak)
rCorr    .         Rampage  .   (no gloves)
Will     .....                  (no boots)
Stlth    ..........             (no amulet)
HPRegen  0.09/turn              (no ring)
MPRegen  0.09/turn              (no ring)

@: no status effects
A: sickness immunity, AC +3, negative energy resistance 1, electricity
resistance, torment resistance 1, petrification resistance
a: no special abilities


You were on level 2 of the Dungeon.
You visited 1 branch of the dungeon, and saw 2 of its levels.

You collected 25 gold pieces.

Inventory:

Hand Weapons
 a - a +1 war axe (weapon)
Armour
 b - a +0 scale mail (worn)
 c - a +0 kite shield (worn)
 f - a +2 helmet (worn)
Potions
 d - a potion of might
 e - a potion of flight
 i - 2 potions of curing


   Skills:
 + Level 3.9 Fighting
 + Level 2.6 Axes
 + Level 3.8 Armour
 + Level 0.1 Dodging
 + Level 3.7 Shields


You had 3 spell levels left.
You didn't know any spells.
Your spell library was empty.

Dungeon Overview and Level Annotations

Branches:
Dungeon (2/15)

Altars:

Shops:
D:1 ::*

Annotations:
D:2 Sigmund


Innate Abilities, Weirdness & Mutations

You are immune to sickness and miasma.
Your stone body is resilient. (AC +3)
You are immune to poison.
You resist negative energy. (rN+)
You are resistant to electric shocks. (rElec)
You are resistant to unholy torment.
You are immune to petrification.


Message History

No target in view!
No target in view!
No target in view!
No target in view!
No target in view!
No target in view!
g - a scroll of identify
As you read the scroll of identify, it crumbles to dust.
e - a potion of flight You see here a jackal corpse.
Found 21 arrows.
Things that are here:
a +0 ring mail; 19 stones Sigmund the Dreaded comes into view.
He is wielding a +0 scythe.
Sigmund points at himself and mumbles some strange words.
Sigmund flickers and vanishes!
Deactivating autopickup; reactivate with Ctrl-A.
Unknown command.
Something unseen opens the door.
A frilled lizard and a bat come into view.
The frilled lizard hisses angrily.
Something hits you but does no damage.
Found a glowing hand axe.
You miss something. Something hits you. x2
You miss something. Something hits you but does no damage.
You hit something. You block something's attack. Something hits you.
You closely miss something. Something hits you!
You hear some strange, mumbled words.
You are confused.
You bump into the rock wall.
Something hits you.
* * * LOW HITPOINT WARNING * * *
You bump into the rock wall.
Something hits you.
* * * LOW HITPOINT WARNING * * *
You hit something. Something hits you but does no damage.
You bump into the rock wall.
Something hits you.
* * * LOW HITPOINT WARNING * * *
You miss something.
You feel less confused. Something hits you.
You die...

#.#..
..>.......
#.###
##..###.####
#.# .... ..
#.# #...# .##
#.# #... ..
#.# #... ..
#.# ...
#.#######.....
#.....@{bl....
#########.....
... )


You could see a bat and a frilled lizard.

Vanquished Creatures
  Robin (D:1)
  A ball python (D:2)
  3 endoplasms (D:1)
  8 goblins
  4 hobgoblins (D:1)
  12 jackals
  5 kobolds
  2 quokkas (D:1)
  4 bats (D:1)
  A frilled lizard (D:1)
  A rat (D:1)
42 creatures vanquished.

Vanquished Creatures (others)
  6 demonic plants (D:2)
  3 withered plants (D:2)
9 creatures vanquished.

Grand Total: 51 creatures vanquished

Notes
Turn   | Place    | Note
-------+----------+-------------------------------------------
     0 | D:1      | bande the Gargoyle Fighter began the quest for the Orb.
     0 | D:1      | Reached XP level 1. HP: 14/14 MP: 1/1
    63 | D:1      | Found Taraif's Book Boutique.
    93 | D:1      | Reached XP level 2. HP: 14/19 MP: 2/2
   394 | D:1      | Found Jaskubon's Book Boutique.
   557 | D:1      | Found Ekhait's Assorted Antiques.
   797 | D:1      | Reached XP level 3. HP: 17/24 MP: 3/3
  1356 | D:2      | Noticed Robin
  1448 | D:1      | Killed Robin
  1471 | D:2      | Reached XP level 4. HP: 29/29 MP: 4/4
  1540 | D:2      | Noticed Sigmund
  1555 | D:2      | HP: 1/29 [something (1)]
  1556 | D:2      | Slain by Sigmund

Illustrated notes

Levels and vault maps discovered:
D:1:      dpeg_arrival_signposts, layout_loops_ring, serial_shops,
          nicolae_shop_overgrown_old_shop, nicolae_shop_crystal, shop,
          serial_forest, infiniplex_forest_pool, infiniplex_forest_lined_corner,
          infiniplex_forest_corner_1, infiniplex_forest_clump_diagonal,
          infiniplex_forest_zigzag_1, infiniplex_forest_clump_double,
          infiniplex_forest_fountain
D:2:      layout_basic, shapermc_ecumenical_altar_gd, uniq_sigmund, uniq_robin

Skill      XL: |  1  2 |
---------------+-------+-----
Axes           | 2 |  2.6
Fighting       | |  3.9
Armour         | |  3.8
Dodging        | |  0.1
Shields        | |  3.7

Action                   |  1- 3 |  4- 6 || total
-------------------------+-------+-------++-------
Melee: War axe           |    89 |    14 ||   103
  Use: Scroll            |     4 |     1 ||     5
Armor: Scale mail        |    72 |     7 ||    79
Dodge: Dodged            |    38 |     1 ||    39
Block: Kite shield       |    59 |     4 ||    63

Table legend: (Time is in decaauts)
 A = Elapsed time spent in this place.
 B = Non-inter-level travel time spent in this place.
 C = Inter-level travel time spent in this place.
 D = Time resting spent in this place.
 E = Time spent auto-exploring this place.
 F = Levels seen in this place.
 G = Mean time per level.
                   A        B        C        D        E       F      G
               +--------+--------+--------+--------+--------+-----+--------+
         Total |   1625 |   1581 |     44 |     76 |   1234 |   2 |  812.5 |
       Dungeon |   1625 |   1581 |     44 |     76 |   1234 |   2 |  812.5 |
               +--------+--------+--------+--------+--------+-----+--------+

Top non-repeatable levels by time:
     D:1: 1515 daAuts
     D:2: 109 daAuts
